 Dungeon Sprint DCSS version 0.21-a0-405-gf2af9a1 (webtiles) character file.

32 Kidiri the Skirmisher (level 3, -3/34 HPs)
             Began as a Draconian Monk on Nov 1, 2017.
             Slain by a human (4 damage)
             ... in the Dungeon (Sprint III: "The Ten Rune Challenge").
             The game lasted 00:01:28 (212 turns).

Kidiri the Skirmisher (Draconian Monk)               Turns: 212, Time: 00:01:28

Health: -3/34      AC:  5    Str: 13    XL:     3   Next: 8%
Magic:  3/3        EV: 14    Int: 10    God:
Gold:   0          SH:  0    Dex: 14    Spells: 2/2 levels left

rFire    . . .     SeeInvis .     - Unarmed
rCold    . . .     Gourm    .   (no shield)
rNeg     . . .     Faith    .   (armour unavailable)
rPois    .         Spirit   .   (helmet restricted)
rElec    .         Reflect  .   (no cloak)
rCorr    .         Harm     .   (no gloves)
MR       .....     NoTele   +   (no boots)
Stlth    ++........             (no amulet)
HPRegen  0.11/turn              (no ring)
MPRegen  0.08/turn              (no ring)

@: no status effects
A: unfitting armour, cold-blooded, AC +5
a: no special abilities


You were in the Dungeon.
You were not hungry.

You visited 1 branch

Inventory:

Scrolls
 g - a scroll of blinking
Potions
 b - a potion of curing
 d - a potion of haste
 e - 2 potions of magic
 f - a potion of berserk rage
 h - a potion of degeneration {unknown}
Comestibles
 a - a bread ration
 i - 6 chunks of flesh


   Skills:
 * Level 4.5 Fighting
 + Level 1.5 Throwing
 * Level 3.8 Dodging
 * Level 3.3 Stealth
 * Level 4.1 Unarmed Combat


You had 2 spell levels left.
You didn't know any spells.

Dungeon Overview and Level Annotations

Branches:
Dungeon (1/1)

Altars:


Innate Abilities, Weirdness & Mutations

Your plain brown scales are hard. (AC +5)
You cannot fit into any form of body armour.
You are cold-blooded and may be slowed by cold attacks.


Message History

You barely miss the human.
The human is severely wounded.
You hit the human.
The human is almost dead.
The human hits you but does no damage.
You hit the human but do no damage.
The human is almost dead.
The human hits you.
You closely miss the human.
Your tail-slap misses the human.
The human is almost dead.
The human hits you!
* * * LOW HITPOINT WARNING * * *
You miss the human.
Your tail-slap misses the human.
The human is almost dead.
The human hits you.
* * * LOW HITPOINT WARNING * * *
You hit the human.
The human is almost dead.
The human hits you.
You die...

▓▓▓▓▓▓▓▓▓
▓<..#)..####
▓...#......##
▓..##.....÷.# .#
▓##.##p##...# ..#
##.##.###..# #..#
▓#.####.##..# ...+
▓.###@p##..## #...#
▓#.....##W.###....#
###..##.).##p....#
##..##....#......#
#..###..##.#.....#
#..# #..#####....#
▓▓▓▓ ▓▓▓▓ ▓▓▓▓▓


You could see a human.

Vanquished Creatures
  Jessica (D)
  An ooze (D)
  2 rats (D)
4 creatures vanquished.

Vanquished Creatures (others)
  3 hellions (D)
3 creatures vanquished.

Grand Total: 7 creatures vanquished

Notes
Turn   | Place    | Note
-------+----------+-------------------------------------------
     0 | D        | Kidiri the Draconian Monk began the quest for the Orb.
     0 | D        | Reached XP level 1. HP: 19/19 MP: 1/1
    86 | D        | Noticed Jessica
    91 | D        | Killed a hellion
   102 | D        | Killed a hellion
   108 | D        | Killed Jessica
   108 | D        | Reached skill level 1 in Throwing
   108 | D        | Reached XP level 2. HP: 27/28 MP: 2/2
   108 | D        | Reached XP level 3. HP: 33/34 MP: 3/3
   189 | D        | Killed a hellion
   211 | D        | HP: 1/34 [human (3)]
   212 | D        | Slain by a human

Vault maps used:
D:        dungeon_sprint_mu

Skill      XL: |  1 |
---------------+----+-----
Stealth        | 3 |  3.3
Dodging        | 3 |  3.8
Fighting       | 4 |  4.5
Throwing       | 1 |  1.5
Unarmed Combat | 4 |  4.1

Action                   || total
-------------------------++-------
Melee: Unarmed           ||    61
       Tailslap          ||     8
       Punch             ||     1
  Use: Potion            ||     1
 Stab: Sleeping          ||     2
Armor: Skin              ||    10
Dodge: Dodged            ||    29

Table legend:
 A = Spawn XP
 B = Non-spawn XP
 C = Spawn XP percentage of total XP
 D = Spawn monster count
 E = Non-spawn monster count
 F = Spawn count percentage of total count
 G = Total turns spent on level
                    A         B        C        D         E        F      G
               +---------+---------+-------+---------+---------+-------+---------
         Total |       0 |      46 |   0.0 |       0 |       4 |   0.0 |   212
               +---------+---------+-------+---------+---------+-------+---------
             D |       0 |      46 |   0.0 |       0 |       4 |   0.0 |   212
               +---------+---------+-------+---------+---------+-------+---------
